 Dungeon Crawl Stone Soup version 0.28-a0-683-ga8797d1ae1 (webtiles) character file.

Game seed: 4079055985916891863

3 shoop the Chucker (level 1, -3/23 HPs)
             Began as an Ogre Hunter on Oct 18, 2021.
             Slain by a hobgoblin (4 damage)
             ... on level 1 of the Dungeon.
             The game lasted 00:00:23 (95 turns).

shoop the Chucker (Ogre Hunter)                       Turns: 95, Time: 00:00:24

Health: -3/23      AC:  3    Str: 15    XL:     1   Next: 50%
Magic:  1/1        EV:  9    Int: 12    God:
Gold:   0          SH:  0    Dex:  9    Spells: 0/0 levels left

rFire   . . .      SeeInvis .   a - +0 short sword
rCold   . . .      Faith    .   (no shield)
rNeg    . . .      Spirit   .   b - +0 robe
rPois   .          Reflect  .   (helmet restricted)
rElec   .          Harm     .   (no cloak)
rCorr   .          Rampage  .   (gloves unavailable)
Will    .....                   (boots unavailable)
Stlth   +.........              (no amulet)
HPRegen 0.07/turn               (no ring)
MPRegen 0.07/turn               (no ring)

@: no status effects
A: large, unfitting armour, tough skin 1
a: no special abilities


You were on level 1 of the Dungeon.
You visited 1 branch of the dungeon, and saw 1 of its levels.

Inventory:

Hand Weapons
 a - a +0 short sword (weapon)
Missiles
 c - 5 large rocks (quivered)
 d - 2 throwing nets
 e - 14 stones
Armour
 b - a +0 robe (worn)
Scrolls
 f - a scroll of enchant weapon {unknown}


   Skills:
 + Level 3.1 Fighting
 - Level 4.0 Throwing
 - Level 1.7 Dodging
 - Level 0.6 Stealth


You couldn't memorise any spells.
You didn't know any spells.
Your spell library was empty.

Dungeon Overview and Level Annotations

Branches:
Dungeon (1/15)

Altars:


Innate Abilities, Weirdness & Mutations

You are too large for most types of armour.
You have tough skin. (AC +1)


Message History

The quokka is almost dead.
The quokka bites you but does no damage.
The goblin misses you.
You closely miss the quokka.
The quokka is almost dead.
The quokka barely misses you. The goblin closely misses you.
The quokka bites you.
You hit the quokka but do no damage.
The quokka is almost dead.
The goblin hits you but does no damage.
The quokka bites you but does no damage.
You miss the quokka.
The quokka is severely wounded.
The goblin closely misses you. The quokka bites you.
You are too injured to fight recklessly!
You are too injured to fight recklessly!
You are too injured to fight recklessly!
You miss the quokka.
The quokka is severely wounded.
The quokka barely misses you. The goblin closely misses you.
The quokka bites you.
* * * LOW HITPOINT WARNING * * *
The goblin hits you with a +0 dagger.
* * * LOW HITPOINT WARNING * * *
A goblin comes into view. It is wielding a +0 dagger.
The goblin hits you with a +0 dagger.
* * * LOW HITPOINT WARNING * * *
You hit the quokka.
You kill the quokka!
You hit the hobgoblin.
The hobgoblin is lightly wounded.
The hobgoblin hits you but does no damage.
You barely miss the hobgoblin.
The hobgoblin is lightly wounded.
You closely miss the goblin. The hobgoblin barely misses you.
The goblin hits you but does no damage.
You hit the goblin.
You kill the goblin!
The hobgoblin hits you.
You die...

#.........#
#.........#
#.........#
#.........#
#....†....#
#.........#### #
#.........g..##.##..
#.........##........
########..@).......g
#...g##...##..
#............#
...........(....#
#.###............# #
#....!.........
##..........##.
##.?.##.... ##.##
.###


You could see a hobgoblin.

Vanquished Creatures
  An endoplasm (D:1)
  A quokka (D:1)
  A goblin (D:1)
  A rat (D:1)
4 creatures vanquished.

Notes
Turn   | Place    | Note
-------+----------+-------------------------------------------
     0 | D:1      | shoop the Ogre Hunter began the quest for the Orb.
     0 | D:1      | Reached XP level 1. HP: 22/22 MP: 1/1
    88 | D:1      | HP: 1/23 [goblin (1)]
    95 | D:1      | Slain by a hobgoblin

Illustrated notes

Levels and vault maps discovered:
D:1:      lemuel_arrival_behind_the_door_small, layout_rooms, serial_shops,
          nicolae_shop_behind_doors

Skill      XL: |  1 |
---------------+----+-----
Fighting       | 3 |  3.1
Throwing       | |  4.0
Dodging        | |  1.7
Stealth        | |  0.6

Action                   || total
-------------------------++-------
Melee: Short sword       ||    27
Armor: Robe              ||    10
Dodge: Dodged            ||    20

Table legend: (Time is in decaauts)
 A = Elapsed time spent in this place.
 B = Non-inter-level travel time spent in this place.
 C = Inter-level travel time spent in this place.
 D = Time resting spent in this place.
 E = Time spent auto-exploring this place.
 F = Levels seen in this place.
 G = Mean time per level.
                   A        B        C        D        E       F      G
               +--------+--------+--------+--------+--------+-----+--------+
         Total |     97 |     97 |      0 |      0 |     46 |   1 |   97.0 |
       Dungeon |     97 |     97 |      0 |      0 |     46 |   1 |   97.0 |
               +--------+--------+--------+--------+--------+-----+--------+

Top non-repeatable levels by time:
     D:1: 97 daAuts
